 Dungeon Crawl Stone Soup version 0.24-a0-464-g6b2be6b8c7 (webtiles) character file.

Game seed: 397222480443397986

124428 CookieEater the Geomancer (level 16, -2/100 HPs)
             Began as a Gargoyle Earth Elementalist on July 3, 2019.
             Was a High Priest of Vehumet.
             Killed from afar by a frost giant (61 damage)
             ... with a bolt of cold
             ... on level 15 of the Dungeon.
             The game lasted 01:25:59 (29468 turns).

CookieEater the Geomancer (GrEE)                   Turns: 29468, Time: 01:26:00

Health: -2/100     AC: 25    Str: 11    XL:     16   Next: 93%
Magic:  6/31       EV: 16    Int: 28    God:    Vehumet [*****.]
Gold:   2260       SH:  0    Dex: 10    Spells: 1/37 levels left

rFire    + + .     SeeInvis .   y - +1 morningstar (drain)
rCold    x . .     Gourm    .   (no shield)
rNeg     + . .     Faith    .   O - +2 robe {rF+}
rPois    ∞         Spirit   .   (helmet restricted)
rElec    +         Reflect  .   (no cloak)
rCorr    .         Harm     .   A - +2 pair of gloves
MR       +....                  p - +2 pair of boots
Stlth    ++........             m - amulet of regeneration
HPRegen  0.66/turn              D - ring of Ymeizoeg {Int+6 Slay+2}
MPRegen  0.22/turn              l - ring of fire

@: flying
A: antennae 1, big wings, thin metallic scales 1, negative energy resistance 1,
electricity resistance, weak 1, unbreathing, petrification resistance, rot
immunity, MP-powered wands, AC +12
a: Stop Flying, Renounce Religion


You were on level 15 of the Dungeon.
You worshipped Vehumet.
Vehumet was extremely pleased with you.
You were not hungry.

You visited 4 branches of the dungeon, and saw 24 of its levels.
You also visited: Ice Cave and Volcano.

You collected 2694 gold pieces.
You spent 434 gold pieces at shops.

Inventory:

Hand Weapons
 q - a +1 flail of holy wrath
 v - a +0 morningstar
 y - a +1 morningstar of draining (weapon)
 L - a +2 dire flail of crushing
Missiles
 a - 4 datura-tipped darts
 b - 515 stones (quivered)
 n - 6 throwing nets
 K - 5 silver javelins
Armour
 p - a +2 pair of boots (worn)
 A - a +2 pair of gloves (worn)
 O - a +2 robe of fire resistance (worn)
Jewellery
 l - a ring of fire (right hand)
 m - an amulet of regeneration (around neck)
 w - an uncursed ring of ice
 D - the ring of Ymeizoeg (left hand) {Int+6 Slay+2}
   (You found it on level 9 of the Dungeon)

   [ring of slaying]

   It affects your intelligence (+6).
   It affects your accuracy and damage with ranged weapons and melee attacks
   (+2).
 E - an uncursed ring of protection from cold
 G - an uncursed ring of positive energy
 R - a +4 ring of evasion
 V - an uncursed amulet of rage
 Y - an uncursed ring of see invisible
Wands
 C - a wand of polymorph (16)
 F - a wand of iceblast (13)
 N - a wand of random effects (40)
 P - a wand of digging (5)
 S - a wand of disintegration (13)
 U - a wand of acid (15)
Scrolls
 r - 7 scrolls of fog
 t - 14 scrolls of remove curse
 u - a scroll of magic mapping
 x - 8 scrolls of teleportation
 z - 4 scrolls of amnesia
 I - a scroll of silence
 M - 3 scrolls of identify
 Q - a scroll of enchant armour
 T - a scroll of summoning
 X - a scroll of immolation
Potions
 c - 2 potions of cancellation
 e - 4 potions of heal wounds
 f - 2 potions of resistance
 g - 5 potions of lignification
 h - 3 potions of haste
 i - 14 potions of curing
 j - 7 potions of brilliance
 k - 6 potions of berserk rage
 o - 3 potions of ambrosia
 s - 2 potions of agility
 B - 2 potions of might
 J - 2 potions of magic
 Z - a potion of mutation
Miscellaneous
 H - a box of beasts
 W - a lightning rod (4/4)
Comestibles
 d - 37 rations


   Skills:
 + Level 11.0 Fighting
 + Level 10.9 Maces & Flails
 - Level 6.0 Armour
 + Level 8.8 Dodging
 - Level 2.1 Stealth
 + Level 11.2 Spellcasting
 + Level 12.1 Conjurations
 - Level 0.7 Transmutations
 * Level 10.5 Fire Magic
 + Level 14.5 Earth Magic
 - Level 6.0 Evocations


You had one spell level left.
You knew the following spells:

 Your Spells              Type           Power        Failure   Level  Hunger
a - Sandblast             Erth           ######       0%          1    None
b - Stone Arrow           Conj/Erth      ######       1%          3    None
c - Lee's Rapid Deconstr  Erth           #######...   1%          5    ###....
d - Iron Shot             Conj/Erth      ######....   1%          6    #####..
e - Fireball              Conj/Fire      #######...   1%          5    ###....
f - Bolt of Fire          Conj/Fire      #######...   1%          6    #####..
g - Bolt of Magma         Conj/Fire/Erth #######...   1%          5    ###....
h - Irradiate             Conj/Tmut      ######....   1%          5    ###....

Your spell library contained the following spells:

 Spells                   Type           Power        Failure   Level  Hunger
 Orb of Destruction       Conj           ######....   6%          7    ######.
 Animate Skeleton         Necr           N/A          3%          1    None
 Confusing Touch          Hex            ###...       3%          1    None
 Pain                     Necr           ###.         3%          1    None
 Passwall                 Tmut/Erth      ######..     1%          2    None
 Ignite Poison            Fire/Tmut/Pois ######..     1%          3    None
 Petrify                  Tmut/Erth      ######..     1%          4    None
 Sticky Flame             Conj/Fire      #######.     1%          4    None
 Ensorcelled Hibernation  Hex/Ice        ###...       5%          2    None
 Swiftness                Chrm/Air       ###.....     5%          2    None
 Confuse                  Hex            ###.....     11%         3    None
 Gell's Gravitas          Tloc           ###.......   11%         3    None
 Regeneration             Chrm/Necr      ###.......   11%         3    None
 Vampiric Draining        Necr           ###.......   11%         3    None
 Conjure Ball Lightning   Conj/Air       #####.....   12%         6    #####..
 Yara's Violent Unravell  Hex/Tmut       ###.......   21%         5    ###....
 Freezing Cloud           Conj/Ice/Air   #####.....   26%         6    #####..
 Animate Dead             Necr           N/A          34%         4    None
 Passage of Golubria      Tloc           N/A          34%         4    None
 Summon Lightning Spire   Summ/Air       ###.....     34%         4    None
 Ignition                 Fire           #######...   58%         8    #######
 Metabolic Englaciation   Hex/Ice        ###.......   69%         5    ###....
 Silence                  Hex/Air        ###.......   69%         5    ###....
 Ring of Flames           Chrm/Fire      ######....   98%         7    ######.
 Darkness                 Hex            ###.......   99%         6    #####..
 Deflect Missiles         Chrm/Air       ###.......   99%         6    #####..
 Invisibility             Hex            ###.....     99%         6    #####..
 Tornado                  Air            ###.......   100%        9    #######


Dungeon Overview and Level Annotations

Branches:
Dungeon (15/15)            Temple (1/1) D:4            Lair (6/6) D:10
 Shoals (0/4) Lair:4       Spider (0/4) Lair:2        Slime (0/5) Lair:5
    Orc (2/2) D:12            Elf (0/3) Orc:2        Vaults (0/5) D:13
 Depths (0/5) D:15

Altars:
Ashenzari
Cheibriados
Dithmenos
Elyvilon
Fedhas
Gozag
Hepliaklqana
Kikubaaqudgha
Makhleb
Nemelex Xobeh
Okawaru
Qazlal
Ru
Sif Muna
Trog
Uskayaw
Vehumet
Wu Jian
Xom
Zin
The Shining One
Beogh
Jiyva

Shops:
D:10 !   D:11 (   Orc:1 [   Orc:2 ((([

Portals:
Trove: D:11 (show slimy rune of Zot)


Innate Abilities, Weirdness & Mutations

You are resistant to torment.
Your stone body is resilient. (AC +12)
You are immune to poison.
Your large and strong wings let you fly indefinitely.
You resist negative energy. (rN+)
You are resistant to electric shocks. (rElec)
You can survive without breathing.
You are immune to petrification.
You are immune to rotting.
You have a pair of small antennae on your head.
You are partially covered in thin metallic scales. (AC +2)
You are weak. (Str -2)
You expend magic power (3 MP) to strengthen your wands.


Message History

Casting: Iron Shot (safe; 1% risk of failure)
Confirm with . or Enter, or press ? or * to list all spells.
Aiming: Iron Shot (safe; 1% risk of failure)
Press: ? - help, Shift-Dir - straight line, f/p - frost giant
Aim: a frost giant, wielding a +2 battleaxe of freezing (heavily wounded)
The iron shot hits the frost giant!!
The frost giant is severely wounded.
The frost giant hits you with a +2 battleaxe of freezing!!
The frost giant freezes you.
Casting: Iron Shot (safe; 1% risk of failure)
Confirm with . or Enter, or press ? or * to list all spells.
Aiming: Iron Shot (safe; 1% risk of failure)
Press: ? - help, Shift-Dir - straight line, f/p - frost giant
Aim: a frost giant, wielding a +2 battleaxe of freezing (severely wounded)
The iron shot hits the frost giant!!!
The frost giant is almost dead.
The frost giant gestures at you while chanting.
The bolt of cold hits you!!!
You feel a terrible chill!
Ouch! That really hurt!
You die...

#≈..#..≈#
#.#.#.#.#
#.≈.≈.≈.#
#.≈...≈.#
#.≈...≈.#
#(##+##.#
#.# .^#.#
#)#.>.# #
#@C...+
#######


You could see a frost giant.

Vanquished Creatures
  Rupert (Lair:3)
  Frances (D:13)
  Kirke (D:12)
  An orc warlord (Orc:2)
  Josephine (D:12)
  The ghost of yann the Cruncher, a journeyman GrEE of Ashenzari (D:11)
  Harold (D:7)
  Erolcha (D:9)
  11 hydras
  The ghost of firegrace the Thaumaturge, a journeyman DEWz of Qazlal (D:13)
  An ogre mage (D:14)
  10 two-headed ogres
  3 centaur warriors
  A death knight (D:13)
  4 vault guards (D:13)
  A catoblepas (Lair:6)
  10 death yaks
  Urug (Lair:2)
  2 orc high priests (Orc:1)
  Sonja (D:12)
  An unseen horror (D:13)
  Pikel (D:5)
  6 skeletal warriors
  3 lindwurms
  A lindwurm (shapeshifter) (D:13)
  6 orc knights
  A wolf spider zombie (D:15)
  An orc sorcerer (Orc:1)
  A deep elf mage (D:14)
  An orb spider (Lair:2)
  4 manticores
  9 ugly things
  4 oklob plants
  6 cyclopes
  8 elephants
  Joseph (D:6)
  10 black mambas
  A molten gargoyle (Volcano)
  A toenail golem (Volcano)
  A gargoyle (D:14)
  2 torpor snails (Lair:6)
  17 spiny frogs
  2 ice statues (IceCv)
  2 kobold demonologists (D:13)
  3 rime drakes
  A freezing wraith (D:13)
  10 komodo dragons
  4 efreet
  A polar bear (Lair:2)
  A merfolk (D:11)
  Grinder (D:4)
  9 trolls
  2 hornets
  Prince Ribbit (D:9)
  5 slime creatures (D:11)
  24 blink frogs
  4 dream sheep (Lair:6)
  8 hippogriffs
  A vampire (D:15)
  A meliai zombie (D:14)
  6 wraiths
  3 wyverns
  2 hogs (D:12)
  23 yaks
  3 vampire mosquitoes (D:13)
  5 fire elementals (Volcano)
  2 basilisks (Lair:6)
  3 wargs
  2 acid dragons
  A soldier ant (D:10)
  A floating eye (Lair:4)
  9 porcupines
  7 water moccasins
  A phantom (D:15)
  16 ice beasts
  37 orc warriors
  2 eyes of draining
  2 black bears (D:10)
  3 centaurs
  4 sky beasts
  10 ogres
  9 wolves
  11 crocodiles
  19 bullfrogs
  2 big kobolds
  4 earth elementals (Volcano)
  6 jellies
  8 scorpions
  A water moccasin skeleton (D:4)
  8 killer bees
  15 wights
  5 howler monkeys
  6 crimson imps
  A centaur zombie (D:10)
  2 quasits
  2 bullfrog zombies (D:7)
  2 bullfrog skeletons
  10 centaur skeletons
  29 orc priests
  10 hounds
  29 orc wizards
  Crazy Yiuf (D:6)
  12 iguanas
  5 hell rats (Lair:4)
  9 worker ants
  2 hound skeletons (D:6)
  A hound zombie (D:6)
  2 worker ant zombies (D:10)
  9 gnolls
  16 adders
  2 shadow imps
  An ooze (D:3)
  An adder skeleton (D:7)
  An adder zombie (D:6)
  6 worms
  A dart slug (D:3)
  4 leopard geckos
  114 orcs
  8 bats
  2 giant cockroaches
  9 goblins
  6 hobgoblins
  13 jackals
  6 quokkas
  3 ball pythons (D:1)
  3 frilled lizards
  19 kobolds
  A leopard gecko zombie (D:7)
  A quokka skeleton (D:4)
  7 rats
  6 bushes
  A fungus (D:6)
  9 plants (Lair:4)
822 creatures vanquished.

Vanquished Creatures (collateral kills)
  A goblin (D:2)
  A kobold (D:2)
2 creatures vanquished.

Vanquished Creatures (others)
  A slave (D:7)
  A bullfrog (D:7)
  A howler monkey (D:7)
  A centaur skeleton (D:7)
  3 orc wizards
  An iguana (D:12)
  A worker ant (D:7)
  A fire vortex (Volcano)
  6 fungi
  A plant (Lair:6)
17 creatures vanquished.

Grand Total: 841 creatures vanquished

Notes
Turn   | Place    | Note
-------+----------+-------------------------------------------
     0 | D:1      | CookieEater the Gargoyle Earth Elementalist began the quest
                  | for the Orb.
     0 | D:1      | Reached XP level 1. HP: 10/10 MP: 3/3
   162 | D:1      | Reached XP level 2. HP: 10/15 MP: 3/5
   163 | D:1      | Reached skill level 4 in Earth Magic
   961 | D:1      | Reached XP level 3. HP: 19/19 MP: 6/6
   966 | D:1      | Learned a level 3 spell: Stone Arrow
  1505 | D:2      | Reached skill level 1 in Conjurations
  1505 | D:2      | Reached XP level 4. HP: 13/24 MP: 2/8
  1913 | D:2      | Reached skill level 5 in Earth Magic
  2119 | D:2      | Reached XP level 5. HP: 26/28 MP: 7/9
  2126 | D:2      | Learned a level 5 spell: Lee's Rapid Deconstruction
  2941 | D:3      | You fall into a shaft and drop 3 floors!
  2941 | D:6      | Found a runed translucent door.
  2941 | D:6      | Noticed Crazy Yiuf
  2943 | D:6      | Killed Crazy Yiuf
  2943 | D:6      | Reached XP level 6. HP: 32/32 MP: 8/11
  3156 | D:6      | Reached skill level 6 in Earth Magic
  3356 | D:5      | Entered Level 5 of the Dungeon
  3360 | D:5      | Noticed a sky beast
  3553 | D:5      | Killed a sky beast
  3553 | D:5      | Reached XP level 7. HP: 13/36 MP: 13/13
  4375 | D:5      | Reached skill level 7 in Earth Magic
  4400 | D:5      | Reached skill level 5 in Spellcasting
  4638 | D:5      | Reached XP level 8. HP: 40/41 MP: 15/15
  4701 | D:4      | Reached skill level 5 in Conjurations
  4870 | D:3      | Noticed a two-headed ogre
  5248 | D:3      | Killed a two-headed ogre
  5248 | D:3      | Reached skill level 8 in Earth Magic
  5248 | D:3      | Reached XP level 9. HP: 35/48 MP: 4/17
  6375 | D:4      | Noticed Grinder
  6396 | D:4      | Killed Grinder
  6540 | D:4      | Found a staircase to the Ecumenical Temple.
  6545 | Temple   | Entered the Ecumenical Temple
  6690 | Temple   | Became a worshipper of Vehumet
  7649 | D:6      | Identified Ritag's Collected Works on the Blaze and the
                  | Snowflakes
  7765 | D:7      | Noticed Pikel
  7765 | D:7      | Noticed Joseph
  7774 | D:6      | Killed Joseph
  7883 | D:5      | Killed Pikel
  7883 | D:5      | Reached skill level 9 in Earth Magic
  7883 | D:5      | Reached XP level 10. HP: 44/56 MP: 14/19
  7942 | D:7      | Noticed Harold
  7951 | D:7      | Killed Harold
  8262 | D:7      | Reached * piety under Vehumet
  8262 | D:7      | Offered knowledge of Flame Tongue by Vehumet.
  8738 | D:7      | Reached skill level 5 in Fighting
  8738 | D:7      | Reached skill level 5 in Maces & Flails
  8738 | D:7      | Reached skill level 5 in Armour
  8738 | D:7      | Reached skill level 10 in Earth Magic
  8738 | D:7      | Reached XP level 11. HP: 64/64 MP: 20/22
  8739 | D:7      | Reached skill level 5 in Fire Magic
  8739 | D:7      | Reached skill level 11 in Earth Magic
  8739 | D:7      | Reached XP level 12. HP: 69/69 MP: 20/24
  8749 | D:7      | Found a glowing golden altar of the Shining One.
  8964 | D:8      | Offered knowledge of Magic Dart by Vehumet.
  9177 | D:8      | Reached ** piety under Vehumet
  9337 | D:8      | Reached skill level 5 in Dodging
  9504 | D:8      | Noticed a two-headed ogre
  9508 | D:8      | Killed a two-headed ogre
 10044 | D:9      | Noticed Erolcha
 10047 | D:9      | Killed Erolcha
 10319 | D:9      | Noticed a two-headed ogre
 10321 | D:9      | Got a sparkling steel ring
 10325 | D:9      | Killed a two-headed ogre
 10326 | D:9      | Identified the ring of Ymeizoeg {Int+6 Slay+2} (You found
                  | it on level 9 of the Dungeon)
 10467 | D:9      | Noticed Prince Ribbit
 10777 | D:10     | Entered Level 10 of the Dungeon
 10894 | D:9      | Offered knowledge of Inner Flame by Vehumet.
 11400 | D:9      | Killed Prince Ribbit
 11589 | D:10     | Reached XP level 13. HP: 75/75 MP: 25/25
 11669 | D:10     | Found a staircase to the Lair.
 11734 | D:10     | Reached *** piety under Vehumet
 11891 | D:10     | Found Puwoaw's Distillery.
 11914 | D:10     | Bought a potion of magic for 112 gold pieces
 11914 | D:10     | Bought a potion of ambrosia for 112 gold pieces
 11914 | D:10     | Bought a potion of curing for 42 gold pieces
 11914 | D:10     | Bought a potion of curing for 42 gold pieces
 11914 | D:10     | Bought a potion of brilliance for 56 gold pieces
 11914 | D:10     | Bought a potion of berserk rage for 70 gold pieces
 12224 | D:11     | Found a portal to a secret trove of treasure.
 12270 | D:11     | Found a runed translucent door.
 12302 | D:11     | Noticed yann's ghost (journeyman GrEE)
 12469 | D:11     | Offered knowledge of Force Lance by Vehumet.
 12733 | D:11     | Found Daekocis's Antique Weapon Shoppe.
 13049 | D:11     | Killed yann's ghost
 13294 | D:12     | Reached skill level 12 in Earth Magic
 13546 | D:12     | Noticed Sonja
 13547 | D:12     | Killed Sonja
 13663 | D:12     | Noticed Josephine
 13666 | D:12     | Killed Josephine
 13752 | D:12     | Found a staircase to the Orcish Mines.
 13919 | D:12     | Reached **** piety under Vehumet
 13920 | D:12     | Noticed Kirke
 13925 | D:12     | Killed Kirke
 14138 | D:13     | Noticed Frances
 14182 | D:13     | Killed Frances
 14182 | D:13     | Reached skill level 5 in Evocations
 14259 | D:13     | Offered knowledge of Irradiate by Vehumet.
 14308 | D:12     | Learned a level 5 spell: Irradiate
 14394 | D:13     | Noticed a vault guard
 14624 | D:13     | Killed a vault guard
 14792 | D:13     | Found a runed translucent gate.
 14793 | D:13     | Found a runed translucent gate.
 14794 | D:13     | Found a runed translucent gate.
 14802 | D:13     | Found a roughly hewn altar of Beogh.
 14804 | D:13     | Noticed firegrace's ghost (journeyman DEWz)
 14886 | D:13     | Found a gate to the Vaults.
 14890 | D:13     | Noticed a vault guard
 14897 | D:13     | Gained mutation: Your large and strong wings let you fly
                  | indefinitely. [Gargoyle growth]
 14897 | D:13     | Reached XP level 14. HP: 63/84 MP: 13/27
 15087 | D:13     | Reached skill level 10 in Conjurations
 15841 | D:13     | Reached ***** piety under Vehumet
 15849 | D:13     | Offered knowledge of Fireball by Vehumet.
 15862 | D:13     | Killed firegrace's ghost
 15981 | D:13     | Learned a level 5 spell: Fireball
 16231 | D:14     | Reached skill level 10 in Spellcasting
 16389 | D:14     | Reached skill level 13 in Earth Magic
 16985 | D:14     | Gained mutation: You are weak. (Str -2) [potion of
                  | mutation]
 16985 | D:14     | Gained mutation: You expend magic power (3 MP) to
                  | strengthen your wands. [potion of mutation]
 16985 | D:14     | Gained mutation: You have a pair of small antennae on your
                  | head. [potion of mutation]
 17489 | Lair:1   | Entered Level 1 of the Lair of Beasts
 17541 | Lair:1   | Reached XP level 15. HP: 90/90 MP: 3/29
 17736 | Lair:1   | Gained mutation: You are partially covered in thin metallic
                  | scales. (AC +2) [mutagenic glow]
 18701 | Lair:2   | You fall into a shaft and drop 1 floor!
 18701 | Lair:3   | Noticed Rupert
 18712 | Lair:3   | Killed Rupert
 19147 | Lair:2   | Found a hole to the Spider Nest.
 19349 | Lair:2   | Noticed Urug
 19354 | Lair:2   | Killed Urug
 20631 | Lair:3   | Offered knowledge of Spellforged Servitor by Vehumet.
 21333 | Lair:4   | Reached skill level 10 in Maces & Flails
 21565 | Lair:4   | Found a staircase to the Shoals.
 22524 | Lair:5   | Found a staircase to the Slime Pits.
 22524 | Lair:5   | Found a viscous altar of Jiyva.
 22927 | Lair:6   | Entered Level 6 of the Lair of Beasts
 22935 | Lair:6   | Reached skill level 10 in Fighting
 23514 | Lair:6   | Reached XP level 16. HP: 81/97 MP: 23/30
 23827 | Lair:6   | Reached skill level 14 in Earth Magic
 24346 | Lair:6   | Offered knowledge of Bolt of Magma by Vehumet.
 24353 | Lair:6   | Learned a level 5 spell: Bolt of Magma
 25333 | Orc:1    | Entered Level 1 of the Orcish Mines
 25356 | Orc:1    | Found a dark tunnel.
 25368 | Volcano  | Entered a volcano
 26061 | Orc:1    | Found a frozen archway.
 26075 | IceCv    | Entered an ice cave
 26225 | IceCv    | Found a transporter.
 26239 | IceCv    | Learned a level 6 spell: Bolt of Fire
 26256 | IceCv    | Reached skill level 10 in Fire Magic
 26257 | IceCv    | Found a transporter.
 26925 | Orc:1    | Found Dyop's Armour Shop.
 26927 | Orc:1    | Offered knowledge of Iron Shot by Vehumet.
 26996 | Orc:1    | Learned a level 6 spell: Iron Shot
 27197 | Orc:2    | Entered Level 2 of the Orcish Mines
 27274 | Orc:2    | Found a roughly hewn altar of Beogh.
 27352 | Orc:2    | Found a roughly hewn altar of Beogh.
 27380 | Orc:2    | Found a roughly hewn altar of Beogh.
 27409 | Orc:2    | Found Goule's Antique Weapon Emporium.
 27583 | Orc:2    | Found a staircase to the Elven Halls.
 27697 | Orc:2    | Found a roughly hewn altar of Beogh.
 27714 | Orc:2    | Found a roughly hewn altar of Beogh.
 28352 | Orc:2    | Found a roughly hewn altar of Beogh.
 28367 | Orc:2    | Found Hocwyler's Weapon Emporium.
 28598 | Orc:2    | Found a roughly hewn altar of Beogh.
 28817 | Orc:2    | Found Hunlatsy's Antique Weapon Emporium.
 28818 | Orc:2    | Found a roughly hewn altar of Beogh.
 28823 | Orc:2    | Found Doiwn's Antique Armour Shoppe.
 28949 | D:15     | Entered Level 15 of the Dungeon
 29447 | D:15     | Offered knowledge of Orb of Destruction by Vehumet.
 29464 | D:15     | Found a staircase to the Depths.
 29468 | D:15     | Killed from afar by a frost giant

Levels and vault maps discovered:
D:1:      scummos_arrival_forest, layout_basic
D:2:      layout_basic, first_ration, minmay_tetromino_t4
D:3:      layout_basic
D:4:      layout_rooms, minmay_temple_entry_grid, kennysheep_generic_room_8,
          uniq_grinder
D:5:      layout_cave_pools, wad_rectangle_vault
D:6:      minmay_clustersquares, layout_gridville, uniq_crazy_yiuf_cottage
D:7:      minmay_razor_zed, layout_gridville, kennysheep_mini_moat,
          ebering_dispersal_statue_hall, uniq_harold, uniq_pikel, uniq_joseph
D:8:      layout_basic
D:9:      layout_loops_corners, uniq_prince_ribbit1, uniq_erolcha
D:10:     layout_big_octagon, due_lair_maze_entry_diamond, serial_shops, shop
D:11:     layout_cave_pools, enter_trove_1, ebering_ghost_inner_flame,
          serial_shops, nicolae_shop_stone, minmay_crystal_room,
          grunt_ogre_cave, evilmike_butchery
D:12:     layout_loops_corners, orc_0_dummy, uniq_kirke, uniq_josephine,
          uniq_sonja
D:13:     layout_layer_cave, lightli_vaults_fourway_checkpoint,
          biasface_ghost_orc_armoury, uniq_frances
D:14:     layout_roguey
D:15:     grunt_enter_depths_snipers, layout_loops_ring
Temple:   minmay_crystal_snake_temple
Lair:1:   beast_lair_carwin_large_4, layout_cave_pods,
          chequers_serial_rivers_large_b, st_stairs_3
Lair:2:   layout_cave_pods, nicolae_spider_entry_orb_guardian, minivault_25,
          grunt_megastairs_5, uniq_urug
Lair:3:   layout_roguey, minmay_lair_oklob_items, beast_lair_carwin_4,
          uniq_rupert
Lair:4:   layout_loops_ring, shoals_dummy_entry, disabler_island
Lair:5:   layout_roguey, slime_altar_1
Lair:6:   hangedman_lair_in_review, layout_concentric_octagons,
          grunt_megastairs_4
Orc:1:    layout_caves, serial_shops,
          nicolae_shop_temple_entry_statues_fountains,
          portal_ice_cave_entry_ice_beasts, nicolae_volcano_entry_two_sided
Orc:2:    grunt_orc_community_town_hall, layout_diamond_mine,
          grunt_orc_community_big_house_2, grunt_orc_community_big_house_2,
          grunt_orc_community_house_2, grunt_orc_community_house_1,
          grunt_orc_community_house_3, grunt_orc_community_house_1,
          grunt_orc_community_house_1

Skill      XL: |  1  2  3  4  5  6  7  8  9 10 11 12 13 14 15 16 |
---------------+-------------------------------------------------+-----
Earth Magic    | 4 5 6 7 8 9 10 11 12 13 14 | 14.5
Spellcasting   | 3 4 5 6 7 8 9 10 11 | 11.2
Conjurations   | 1 2 4 5 6 8 9 10 11 12 | 12.1
Fighting       | 2 4 5 6 8 9 10 11 | 11.0
Maces & Flails | 2 3 5 6 7 8 9 10 | 10.9
Armour         | 2 4 5 6 |  6.0
Dodging        | 2 3 4 5 6 7 8 |  8.8
Fire Magic     | 2 5 6 9 10 | 10.5
Evocations     | 2 3 5 6 |  6.0
Stealth        | |  2.1
Transmutations | |  0.7

Action                   |  1- 3 |  4- 6 |  7- 9 | 10-12 | 13-15 | 16-18 || total
-------------------------+-------+-------+-------+-------+-------+-------++-------
Melee: Dagger            |   120 |   106 |   302 |    22 |       |       ||   550
       Hand axe          |       |    18 |    21 |       |       |       ||    39
       Morningstar       |       |       |       |   252 |   566 |   391 ||  1209
Throw: Dart              |     2 |       |       |       |       |       ||     2
 Cast: Sandblast         |    19 |    61 |    54 |    16 |    78 |    36 ||   264
       Stone Arrow       |       |     8 |    19 |    23 |    64 |     4 ||   118
       Lee's Rapid Decon |       |       |    11 |    14 |   140 |    51 ||   216
       Fireball          |       |       |       |       |    51 |    25 ||    76
       Irradiate         |       |       |       |       |    15 |    25 ||    40
       Iron Shot         |       |       |       |       |       |    17 ||    17
       Bolt of Fire      |       |       |       |       |       |     7 ||     7
       Bolt of Magma     |       |       |       |       |       |     7 ||     7
 Abil: Fly               |       |       |       |       |       |     1 ||     1
Evoke: Wand              |       |       |       |       |    17 |    14 ||    31
       Box of beasts     |       |       |       |       |     1 |       ||     1
  Use: Scroll            |       |     9 |     6 |     7 |    17 |     3 ||    42
       Potion            |       |     3 |       |     2 |     3 |     3 ||    11
 Stab: Sleeping          |       |       |     2 |     1 |     1 |       ||     4
       Distracted        |       |       |     2 |       |     2 |     1 ||     5
       Petrified         |       |       |       |       |       |     4 ||     4
  Eat: Chunk             |     1 |     5 |    18 |     9 |    50 |    14 ||    97
       Ration            |     1 |       |       |     2 |     5 |     6 ||    14
Armor: Robe              |    42 |    41 |   139 |   150 |   381 |   230 ||   983
Dodge: Dodged            |   100 |    74 |   241 |   279 |   596 |   408 ||  1698

Table legend:
 A = Non-vault XP
 B = Vault XP
 C = Vault XP percentage of total XP
 D = Non-vault monster count
 E = Vault monster count
 F = Vault count percentage of total count
                 A         B        C        D         E       F
            +---------+---------+-------+---------+---------+-------
      Total |  101368 |   57857 |  36.3 |     569 |     240 |  29.7
            +---------+---------+-------+---------+---------+-------
        D:1 |      36 |      13 |  26.5 |      26 |       1 |   3.7
        D:2 |     108 |      43 |  28.5 |      27 |       2 |   6.9
        D:3 |    1140 |       0 |   0.0 |      28 |       0 |   0.0
        D:4 |     377 |     369 |  49.5 |      15 |       3 |  16.7
        D:5 |     493 |     920 |  65.1 |      16 |       5 |  23.8
        D:6 |     666 |     956 |  58.9 |      21 |       9 |  30.0
        D:7 |     771 |    1193 |  60.7 |      22 |       8 |  26.7
        D:8 |    2235 |       0 |   0.0 |      35 |       0 |   0.0
        D:9 |    1235 |    1350 |  52.2 |       7 |       3 |  30.0
       D:10 |    2441 |    1427 |  36.9 |      22 |      11 |  33.3
       D:11 |    4878 |    1514 |  23.7 |      24 |       3 |  11.1
       D:12 |    1301 |    5518 |  80.9 |      17 |      10 |  37.0
       D:13 |    9530 |    9667 |  50.4 |      36 |      29 |  44.6
       D:14 |   17873 |       0 |   0.0 |      39 |       0 |   0.0
       D:15 |    4911 |     906 |  15.6 |      21 |       1 |   4.5
     Lair:1 |    2190 |    3207 |  59.4 |       6 |      16 |  72.7
     Lair:2 |    2069 |    1615 |  43.8 |      11 |       4 |  26.7
     Lair:3 |   10204 |    4335 |  29.8 |      33 |       7 |  17.5
     Lair:4 |    5683 |    1839 |  24.4 |      24 |       4 |  14.3
     Lair:5 |    2664 |       0 |   0.0 |       7 |       0 |   0.0
     Lair:6 |   20800 |    8722 |  29.5 |      49 |      22 |  31.0
      Orc:1 |    7265 |    1067 |  12.8 |      53 |       8 |  13.1
      Orc:2 |    2498 |    5842 |  70.0 |      30 |      68 |  69.4
      IceCv |       0 |    2789 | 100.0 |       0 |      10 | 100.0
    Volcano |       0 |    4565 | 100.0 |       0 |      16 | 100.0
            +---------+---------+-------+---------+---------+-------
